Match 38318108
Unlisted

Match 38318108
End
Construct Barracks
Riflemen Squad
Riflemen Squad
Riflemen Squad
Infantry Support Center
Construct Medical Station
Selects Advanced Infantry Battlegroup
Selects Convert to Ranger Squad
Convert to Ranger Squad
Selects Designate Assault Position
Selects Frontline Medical Station
Frontline Medical Station
Advanced Logistics
Convert to Ranger Squad
Selects Artillery Observers
Survival Training
Munitions Surplus
Engineer Squad
Selects M2A1 105mm Howitzer Emplacement
Construct Weapon Support Center
Improved M9 Bazooka Rockets
Selects Free Fire Drills
Artillery Observer Squad
Selects Ranger Weapon Training
Grenade Package
FooyinMT
White Conscript
Skylight
ATM村夫
Wheel Ones
수요자
315394328
Mael Radec
0
0

Comments sign in to comment!

No comments posted yet!